Construct Section Command Post
Construct Field Infirmary
Selects Air and Sea Battlegroup
Construct Platoon Command Post
6-pounder Anti-tank Gun Team
Selects Commando Section Paradrop
Selects Commando Support Section Paradrop
Commando Support Section Paradrop
Construct Company Command Post
Unlock M3 Grant Medium Tanks
Selects Incendiary Bombing Run
6-pounder Anti-tank Gun Team
Selects Centaur Medium Tank
Commando Section Paradrop